 Dungeon Crawl Stone Soup version 0.31-a0-801-gc67433417a (webtiles) character file.

Game seed: 5440763433706277038

597717 PotatoSalad1221 the Wrestler (level 25, -2/258 HPs)
             Began as a Grey Draconian Shapeshifter on Sept 20, 2023.
             Was the Champion of the Shining One.
             Slain by a titan skeleton (16 damage)
             ... on level 2 of the Tomb of the Ancients.
             The game lasted 03:58:02 (72697 turns).

PotatoSalad1221 the Wrestler (DrSh)                Turns: 72697, Time: 03:58:03

Health: -2/258     AC: 12    Str: 26    XL:     25   Next: 86%
Magic:  15/35      EV: 39    Int: 13    God:    the Shining One [******]
Gold:   4188       SH: 17    Dex: 13    Spells: 11/40 levels left

rFire   . .          .
                       - Unarmed
rCold   . . .        (shield currently unavailable)
rNeg    + + +        (body armour unavailable)
rPois   ∞            I - melded +0 mask of the Dragon {Will+ Slay+3 SInv}
rElec   +            F - melded +2 cloak
rCorr   .            y - melded +2 pair of gloves
SInv    .            P - melded +1 pair of boots of Xeroh {rF+ Dex+2}
Will    +++..        t - amulet "Dekurer" {Reflect Drain +Inv rElec Slay+6 SH+5}
Stlth   +            x - ring "Pere" {Will+ Int+2}
HPRegen 0.63/turn    Q - ring of willpower
MPRegen 0.24/turn

%: random rage (3%), reflection
@: divinely shielded, storm-form, blinkbolt cooldown, flying, hasted and slowed,
glowing, studying Summonings
A: cleaving, insubstantial, flying, AC +17, amphibious, unfitting armour,
(cold-blooded), berserk 1, robust 1, (heat vulnerability 1)
}: 4/15 runes: decaying, slimy, silver, gossamer
a: Blinkbolt, Begin Untransformation, Renounce Religion, Evoke Invisibility,
Divine Shield, Cleansing Flame, Summon Divine Warrior, Brand Weapon With Holy
Wrath


You were on level 2 of the Tomb of the Ancients.
You worshipped the Shining One.
The Shining One was exalted by your worship.
You were a lightning-filled tempest!
You visited 12 branches of the dungeon, and saw 53 of its levels.
You visited the Abyss 2 times.
You also visited: Sewer, Bailey, Gauntlet and Ice Cave.

You collected 12025 gold pieces.
You spent 7837 gold pieces at shops.

Inventory:

Armour
 y - a +2 pair of gloves (melded)
 F - a +2 cloak (melded)
 I - the +0 mask of the Dragon (melded) {Will+ Slay+3 SInv}
   (You found it on level 1 of the Vaults)

   Slay+3:    It affects your accuracy & damage with ranged weapons and melee
   (+3).
   Will+:     It increases your willpower.
   SInv:      It lets you see invisible.
 P - the +1 pair of boots of Xeroh (melded) {rF+ Dex+2}
   (You found it on level 4 of the Spider Nest)

   Dex+2:     It affects your dexterity (+2).
   rF+:       It protects you from fire.
Jewellery
 p - a ring of protection from fire
 t - the amulet "Dekurer" (around neck) {Reflect Drain +Inv rElec Slay+6 SH+5}
   (You bought it in a shop on level 1 of the Elven Halls)

   [amulet of reflection]

   Reflect:   It reflects blocked missile attacks.
   Slay+6:    It affects your accuracy & damage with ranged weapons and melee
   (+6).
   rElec:     It insulates you from electricity.
   +Inv:      It lets you turn invisible.
   Drain:     It drains your maximum health when unequipped.
   SH+5:      It affects your SH (+5).
 x - the ring "Pere" (left fist) {Will+ Int+2}
   (You bought it in a shop on level 1 of the Depths)

   [ring of willpower]

   Int+2:     It affects your intelligence (+2).
   Will+:     It increases your willpower.
 H - a ring of resist corrosion
 N - the ring "Caxt" {EV+5 Str+4}
   (You found it in a Gauntlet)

   [ring of evasion]

   EV+5:      It affects your evasion (+5).
   Str+4:     It affects your strength (+4).
 Q - a ring of willpower (right fist)
 W - the ring "Upyegyre" {rPois rC+ Slay+4}
   (You found it on level 2 of the Crypt)

   [ring of slaying]

   Slay+4:    It affects your accuracy & damage with ranged weapons and melee
   (+4).
   rC+:       It protects you from cold.
   rPois:     It protects you from poison
Talismans
 U - a storm talisman (active)
Wands
 c - a wand of digging (11)
 e - a wand of mindburst (54)
 j - a wand of flame (104)
 k - a wand of polymorph (44)
 o - a wand of roots (36)
 C - a wand of quicksilver (45)
 G - a wand of charming (37)
Scrolls
 f - 13 scrolls of teleportation
 g - 8 scrolls of enchant armour
 n - 6 scrolls of immolation
 s - 11 scrolls of fog
 z - 9 scrolls of poison
 A - a scroll of blinking
 B - 7 scrolls of amnesia
 J - 4 scrolls of revelation
 K - 6 scrolls of fear
 L - 4 scrolls of summoning
 M - 3 scrolls of silence
 S - 2 scrolls of vulnerability
 T - 30 scrolls of identify
Potions
 a - 8 potions of brilliance
 l - 12 potions of enlightenment
 r - 2 potions of mutation {=g}
 u - 7 potions of lignification
 v - 5 potions of berserk rage
 w - 8 potions of might
 D - 2 potions of resistance
 E - 9 potions of ambrosia
 O - 10 potions of attraction
 R - 15 potions of curing
 V - 3 potions of heal wounds
Miscellaneous
 b - a box of beasts
 i - a phial of floods


   Skills:
 - Level 21.0 Fighting
 - Level 14.0 Dodging
 + Level 24.7 Unarmed Combat
 - Level 8.0 Spellcasting
 - Level 10.0 Hexes
 - Level 10.0 Translocations
 - Level 10.0 Transmutations
 - Level 5.0 Ice Magic
 - Level 16.0 Invocations
 + Level 23.7 Shapeshifting


You had 11 spell levels left.
You knew the following spells:

 Your Spells              Type           Power      Damage    Failure   Level
a - Wereblood             Tmut           31%        N/A       1%          2
b - Lesser Beckoning      Tloc           62%        N/A       1%          2
c - Manifold Assault      Tloc           31%        N/A       2%          4
d - Teleport Other        Tloc           31%        N/A       1%          3
e - Blink                 Tloc           62%        N/A       1%          2
f - Confusing Touch       Hex            31%        N/A       1%          3
g - Tukima's Dance        Hex            31%        N/A       1%          3
h - Ensorcelled Hibernat  Hex/Ice        48%        N/A       1%          2
i - Yara's Violent Unrav  Hex/Tmut       15%        3d8       6%          5
j - Dazzling Flash        Conj/Hex       36%        N/A       5%          3

Your spell library contained the following spells:

 Spells                   Type           Power      Damage    Failure   Level
 Apportation              Tloc           62%        N/A       1%          1
 Freeze                   Ice            72%        1d8       1%          1
 Sting                    Tmut/Pois      72%        1d6       1%          1
 Jinxbite                 Hex            62%        N/A       1%          2
 Gell's Gravitas          Tloc           31%        N/A       1%          3
 Sigil of Binding         Hex            31%        N/A       1%          3
 Momentum Strike          Conj/Tloc      36%        3d9       2%          2
 Passwall                 Tmut/Erth      15%        N/A       2%          2
 Cause Fear               Hex            15%        N/A       2%          4
 Dimensional Bullseye     Hex/Tloc       15%        N/A       2%          4
 Passage of Golubria      Tloc           31%        N/A       2%          4
 Frozen Ramparts          Ice            36%        1d6       5%          3
 Inner Flame              Hex/Fire       18%        N/A       5%          3
 Ozocubu's Armour         Ice            18%        N/A       5%          3
 Summon Guardian Golem    Hex/Summ       18%        N/A       5%          3
 Volatile Blastmotes      Fire/Tloc      36%        2d13      5%          3
 Ignite Poison            Fire/Tmut/Pois 13%        N/A       11%         3
 Kiss of Death            Conj/Necr      20%        2d7       14%         1
 Magic Dart               Conj           20%        1d4       14%         1
 Necrotise                Necr           20%        1d5       14%         1
 Summon Small Mammal      Summ           20%        N/A       14%         1
 Hailstorm                Conj/Ice       11%        3d5       14%         3
 Anguish                  Hex/Necr       9%         N/A       17%         4
 Fulminant Prism          Conj/Hex       9%         3d6       17%         4
 Iskenderun's Mystic Bla  Conj/Tloc      18%        2d6       17%         4
 Leda's Liquefaction      Hex/Erth       9%         N/A       17%         4
 Petrify                  Tmut/Erth      18%        N/A       17%         4
 Vhi's Electric Charge    Tloc/Air       36%        N/A       17%         4
 Metabolic Englaciation   Hex/Ice        12%        N/A       17%         5
 Call Imp                 Summ           10%        N/A       21%         2
 Poisonous Vapours        Pois/Air       10%        N/A       21%         2
 Scorch                   Fire           10%        2d5       21%         2
 Static Discharge         Conj/Air       10%        2-3/arc   21%         2
 Dispersal                Tloc           15%        N/A       34%         6
 Call Canine Familiar     Summ           5%         N/A       38%         3
 Mephitic Cloud           Conj/Pois/Air  5%         N/A       38%         3
 Stone Arrow              Conj/Erth      10%        3d7       38%         3
 Swiftness                Air            5%         N/A       38%         3
 Summon Ice Beast         Ice/Summ       11%        N/A       43%         4
 Alistair's Intoxication  Tmut/Pois      12%        N/A       43%         5
 Irradiate                Conj/Tmut      9%         3d14      43%         5
 Silence                  Hex/Air        9%         N/A       43%         5
 Summon Forest            Summ/Tloc      9%         N/A       43%         5
 Summon Mana Viper        Hex/Summ       18%        N/A       43%         5
 Airstrike                Air            2%         2d(1-17)  80%         4
 Dispel Undead            Necr           5%         3d7       80%         4
 Flame Wave               Conj/Fire      5%         2d5       80%         4
 Olgreb's Toxic Radiance  Pois           5%         N/A       80%         4
 Sticky Flame             Conj/Fire      5%         2d3       80%         4
 Summon Lightning Spire   Summ/Air       5%         N/A       80%         4
 Enfeeble                 Hex            15%        N/A       88%         7
 Freezing Cloud           Conj/Ice/Air   4%         6-21      89%         5
 Eringya's Noxious Bog    Tmut/Pois      9%         4d6       95%         6
 Arcjolt                  Conj/Air       2%         1d12      98%         5
 Borgnjor's Vile Clutch   Necr/Erth      2%         N/A       98%         5
 Fireball                 Conj/Fire      2%         3d4       98%         5
 Iskenderun's Battlesphe  Conj           5%         2d6       98%         5
 Lee's Rapid Deconstruct  Erth           2%         3d5*      98%         5
 Leda's Unmaking          Conj/Erth      2%         9d1       100%        6
 Plasma Beam              Fire/Air       2%         2x1d12    100%        6
 Simulacrum               Ice/Necr       5%         N/A       100%        6
 Starburst                Conj/Fire      2%         6d3       100%        6
 Summon Cactus Giant      Summ           2%         N/A       100%        6
 Haunt                    Necr/Summ      2%         N/A       100%        7
 Malign Gateway           Summ/Tloc      9%         N/A       100%        7
 Monstrous Menagerie      Summ           2%         N/A       100%        7
 Ozocubu's Refrigeration  Ice            9%         4d9       100%        7
 Spellforged Servitor     Conj/Summ      2%         N/A       100%        7
 Summon Hydra             Summ           2%         N/A       100%        7
 Disjunction              Tloc           15%        N/A       100%        8
 Ignition                 Fire           2%         3d3       100%        8
 Lehudib's Crystal Spear  Conj/Erth      2%         10d2      100%        8
 Maxwell's Capacitive Co  Air            2%         ∞         100%        8
 Chain Lightning          Conj/Air       2%         3d3       100%        9
 Dragon's Call            Summ           2%         N/A       100%        9
 Fire Storm               Conj/Fire      2%         8d1       100%        9
 Polar Vortex             Ice            9%         12d1*     100%        9
 Shatter                  Erth           2%         3d6*      100%        9
 Sublimation of Blood     Necr           Unusable   N/A       N/A         2
 Animate Armour           Summ/Erth      Unusable   N/A       N/A         4

Dungeon Overview and Level Annotations

Branches:
Dungeon (15/15)            Temple (1/1) D:4            Lair (5/5) D:8
  Swamp (4/4) Lair:3       Spider (4/4) Lair:2        Slime (5/5) Lair:5
    Orc (2/2) D:10            Elf (3/3) Orc:2        Vaults (5/5) D:14
  Crypt (3/3) Vaults:3       Tomb (2/3) Crypt:3      Depths (4/4) D:15
    Zot (0/5) Depths:4      Sewer (visited)          Bailey (visited)
  IceCv (visited)         Gauntlet (visited)

Altars:
Ashenzari
Cheibriados
Dithmenos
Elyvilon
Fedhas
Gozag
Hepliaklqana
Kikubaaqudgha
Makhleb
Nemelex Xobeh
Okawaru
Qazlal
Ru
Sif Muna
Trog
Uskayaw
Vehumet
Wu Jian
Xom
Yredelemnul
Zin
The Shining One
Lugonu

Shops:
D:3 (   D:4 :   D:6 *   D:9 ([   D:14 (   Orc:2 *[=(   Elf:1 =?(   Elf:3 (
Vaults:2 =   Depths:1 *:=:   Depths:2 (   Depths:4 *

Portals:
Hell: Depths:1 Depths:2 Depths:3 Depths:4
Abyss: Depths:1 Depths:3
Pandemonium: Depths:2
Ziggurat: Depths:4


Innate Abilities, Weirdness & Mutations

You are a lightning-filled tempest!
Your electrical attacks strike out in all directions at once.
You are incredibly evasive.
Your insubstantial body is immune to petrification, constriction, and being set on fire You are flying.
Your armour is entirely melded.
You are incapable of wielding weapons or throwing items.
((Your dull iron-grey scales are very hard. (AC +17)))
You are amphibious.
You cannot fit into any form of body armour.
You are immune to poison.
((You are cold-blooded and may be slowed by cold attacks.))
You sometimes lose your temper in combat.
You are robust. (+10% HP)
((You are vulnerable to heat. (rF-)))


Message History

* * * LOW HITPOINT WARNING * * *
You block the emperor scorpion's attack.
The emperor scorpion claws you.
* * * LOW HITPOINT WARNING * * *
You block the emperor scorpion's attack.
The emperor scorpion stings you!!
* * * LOW HITPOINT WARNING * * *
The emperor scorpion completely misses you. x3
The emperor scorpion misses you.
The emperor scorpion completely misses you.
The titan skeleton hits you.
* * * LOW HITPOINT WARNING * * *
The royal mummy calls on the powers of darkness!
The bennu convulses!
The emperor scorpion convulses!
Your body is wracked with pain!
* * * LOW HITPOINT WARNING * * *
The emperor scorpion convulses! x4; The bennu convulses!
You block the royal mummy's attack.
A mummy comes into view.
The emperor scorpion closely misses you.
The emperor scorpion misses you.
The emperor scorpion closely misses you.
You feel yourself speed up.
A death scarab comes into view.
The bennu pecks you but does no damage. You block the bennu's attack. x2
The emperor scorpion misses you.
The emperor scorpion completely misses you.
You block the emperor scorpion's attack.
The emperor scorpion completely misses you.
You block the emperor scorpion's attack.
The emperor scorpion completely misses you. x2
You block the emperor scorpion's attack.
The emperor scorpion completely misses you.
The bennu completely misses you. The bennu claws you!
* * * LOW HITPOINT WARNING * * *
The bennu completely misses you. The royal mummy completely misses you.
The emperor scorpion closely misses you.
The emperor scorpion completely misses you. x2
The royal mummy barely misses you. The titan skeleton hits you!
You die...

...............
.................#
.....................
.....................
.#........^..#.^.....
...........^.........
.........BBB.........
........BsMb.M..../..
.#......sMvZM#...M...
.......b3sss.M.......
........Ms4†M........
.......BM..††....###.
......M....[.M...#
.....$.........M.#
..B...........#
...^..........M.
....$.......$..


You could see 2 royal mummies, 6 emperor scorpions, 2 bennus, 2 mummy priests, a
guardian mummy, a smoke demon (summoned), 6 death scarabs, a red devil
(summoned), 7 mummies and a titan skeleton.

Vanquished Creatures
  the Royal Jelly (Slime:5)
  Khufu (Crypt:3)
  Mennas (Vaults:5)
  2 juggernauts
  5 royal mummies
  the Lernaean hydra (Swamp:4)
  3 caustic shrikes (Depths:4)
  A golden dragon (Vaults:5)
  Arachne (Spider:4)
  A profane servitor (Crypt:3)
  2 Tzitzimimeh
  A shard shrike zombie (Crypt:1)
  3 bone dragons
  3 doom hounds (Depths:3)
  2 tentacled monstrosities (Vaults:5)
  5 liches
  The ghost of paps the Warrior, an adept DsGl of Gozag (Elf:3)
  3 tentacled starspawn (Abyss:3)
  3 deep elf blademasters
  Grunn (Depths:3)
  14 acid blobs
  2 deep elf master archers (Elf:3)
  3 Executioners (Depths:2)
  6 ancient champions
  10 sphinxes
  5 shadow dragons
  Kirke (Swamp:2)
  5 tengu reavers
  Roxanne (Spider:2)
  9 rockslimes
  The ghost of Daxtuur the Warrior, an adept GrGl of Trog (Swamp:3)
  2 thorn hunters
  3 storm dragons
  A revenant (Crypt:3)
  The ghost of Nr616 the Severer, a journeyman MiGl of Trog (Swamp:2)
  11 azure jellies
  Donald (Swamp:1)
  5 fire giants
  6 deep elf sorcerers
  9 frost giants
  8 vault wardens
  A fenstrider witch (Swamp:2)
  6 emperor scorpions
  4 deep elf elementalists (Elf:3)
  3 iron dragons
  Louise (Swamp:1)
  A juggernaut zombie (Depths:2)
  4 ghost moths
  4 orc warlords
  2 curse skulls
  5 war gargoyles
  2 reapers
  17 ghouls
  8 formless jellyfish
  4 broodmothers
  22 ironbound preservers
  A draconian annihilator (Depths:4)
  4 quicksilver oozes
  A juggernaut skeleton (Depths:2)
  7 ironbound thunderhulks
  5 vampire knights
  10 stone giants
  16 very ugly things
  A green draconian (Depths:4)
  2 black draconians (Depths:4)
  7 deep elf demonologists
  3 bennus (Tomb:2)
  A putrid mouth (Depths:3)
  8 deep elf annihilators (Elf:3)
  An eleionoma (Swamp:3)
  A minotaur (Gauntlet)
  5 bunyips
  2 white draconians (Depths:4)
  3 yellow draconians (Depths:4)
  Azrael (D:15)
  A red draconian (Depths:4)
  A spark wasp (Spider:2)
  2 eidola
  5 dire elephants (Vaults:1)
  A blizzard demon (Depths:4)
  13 deep elf death magi
  A merfolk javelineer (Depths:2)
  24 ettins
  12 mummy priests
  11 jiangshi
  10 yaktaur captains
  11 entropy weavers
  8 fire dragons
  A shambling mangrove (Swamp:3)
  3 deep elf high priests
  7 great orbs of eyes
  38 vault guards
  A juggernaut simulacrum (Crypt:3)
  Erolcha (D:9)
  19 hydras
  2 ogre magi
  A sphinx zombie (Crypt:2)
  A spriggan zombie (Depths:2)
  4 rakshasas
  6 jorogumos
  4 ice dragons
  2 spriggan skeletons
  3 peacekeepers
  A hell beast (Depths:4)
  A spectral stone giant (Depths:2)
  2 spectral sphinxes (Depths:2)
  A ghost crab (Swamp:4)
  4 spriggan air magi
  5 alligators
  A spectral fire giant (Depths:2)
  2 death knights (Crypt:3)
  3 radroaches
  4 catoblepae
  13 centaur warriors
  3 spectral frost giants (Depths:2)
  6 ironbound frosthearts
  31 dancing weapons
  An Orb Guardian skeleton (Crypt:1)
  7 demonic crawlers
  A sphinx skeleton (Depths:2)
  13 death yaks
  9 boulder beetles
  5 deep troll shamans
  7 tengu warriors
  17 death scarabs
  7 two-headed ogres
  3 orc high priests
  6 deep troll earth magi
  A hell hog (Depths:4)
  Urug (D:10)
  A bennu skeleton (Crypt:1)
  7 large abominations
  5 vampire magi
  2 thrashing horrors (Abyss:3)
  8 spriggan berserkers
  20 deep elf knights
  3 soul eaters
  2 wretched stars (Abyss:3)
  7 iron trolls
  A skyshark (shapeshifter) (Vaults:5)
  13 spriggans
  4 shadow wraiths (Crypt:3)
  42 skeletal warriors
  12 pharaoh ants
  3 sun moths
  3 skysharks
  2 spectral spark wasps (Depths:2)
  A bunyip zombie (Crypt:2)
  6 flayed ghosts
  A storm dragon skeleton (Depths:2)
  15 swamp dragons
  5 goliath frogs
  86 deep trolls
  4 glowing orange brains
  2 shadow demons (Depths:2)
  4 spriggan druids
  A golden dragon skeleton (Depths:2)
  9 deep elf archers
  An orb spider (shapeshifter) (Vaults:4)
  5 orb spiders
  13 bog bodies
  10 wizards
  10 phantasmal warriors
  2 spriggan simulacra (Crypt:1)
  13 lindwurms
  11 steelbarb worms
  A spectral hydra (Crypt:3)
  17 ironbound convokers
  2 iron dragon zombies
  11 necromancers
  10 orc knights
  Pikel (D:5)
  39 ugly things
  37 deep elf pyromancers
  3 orc sorcerers
  27 deep elf zephyrmancers
  A sphinx simulacrum (Depths:2)
  A salamander (shapeshifter) (D:14)
  3 oklob plants (Lair:5)
  A stone giant zombie (Tomb:2)
  25 wolf spiders
  5 shining eyes
  A shadow dragon skeleton (Depths:2)
  2 manticores
  An alligator skeleton (Crypt:2)
  2 spectral spriggans
  5 cyclopes
  4 moths of wrath
  7 will-o-the-wisps
  6 black mambas
  A shock serpent zombie (Crypt:2)
  23 vault sentinels
  An ice statue (IceCv)
  A rust devil (Abyss:3)
  5 eyes of devastation (Slime:5)
  8 elephants
  A storm dragon simulacrum (Depths:2)
  2 iron dragon skeletons
  A molten gargoyle (Depths:1)
  A centaur skeleton (Crypt:1)
  A gargoyle (D:12)
  Joseph (D:9)
  12 cane toads
  4 freezing wraiths
  12 rime drakes
  14 komodo dragons
  9 torpor snails
  An efreet (Abyss:3)
  A yaktaur (shapeshifter) (D:12)
  2 tormentors
  A steelbarb worm zombie (Crypt:1)
  A harpy zombie (Crypt:1)
  2 kobold demonologists (Depths:2)
  17 yaktaurs
  A golden dragon simulacrum (Depths:2)
  An ancient zyme (Swamp:1)
  14 guardian mummies
  9 meliai
  5 trolls
  16 polar bears
  2 tengu conjurers
  13 tyrant leeches
  27 hornets
  A tengu simulacrum (Depths:2)
  11 blink frogs
  A tarantella (shapeshifter) (D:14)
  An iron dragon simulacrum (Crypt:1)
  6 raiju
  35 tarantellas
  19 dream sheep (Lair:5)
  A frost giant simulacrum (Depths:2)
  A slime creature (shapeshifter) (Vaults:5)
  4 air elementals
  41 jumping spiders
  4 small abominations
  An ettin skeleton (Tomb:2)
  59 flying skulls
  91 slime creatures
  A dire elephant simulacrum (Crypt:1)
  6 shadows
  20 culicivoras
  2 ushabtiu (Tomb:1)
  Sigmund (D:4)
  A ynoxinul (Abyss:3)
  5 water elementals
  9 wyverns
  A vampire (D:12)
  5 wraiths
  Eustachio (D:6)
  A hog (shapeshifter) (Elf:1)
  4 hogs (Swamp:2)
  2 golden eyes (Slime:5)
  8 basilisks
  A neqoxec (Abyss:3)
  2 black mamba skeletons
  64 yaks
  5 fire elementals
  3 steam dragons
  20 vampire mosquitoes
  A naga (shapeshifter) (Vaults:5)
  58 redbacks
  15 swamp worms
  A harpy simulacrum (Crypt:3)
  8 wargs
  A glowing shapeshifter zombie (Depths:2)
  Duvessa (D:6)
  15 hell hounds
  2 naga zombies (Crypt:1)
  15 water moccasins
  5 floating eyes
  A deep troll skeleton (Crypt:2)
  A floating eye (shapeshifter) (Vaults:5)
  A merfolk skeleton (Crypt:2)
  A meliai simulacrum (D:14)
  10 swamp drakes
  A naga skeleton (Crypt:2)
  24 orc warriors
  2 sky beasts (D:6)
  2 ice beasts
  An elephant zombie (Crypt:1)
  13 black bears
  44 wolves
  5 ogres
  2 boggarts (Depths:2)
  10 centaurs
  A lemure (D:4)
  A blink frog skeleton (Crypt:2)
  Blork the orc (D:4)
  2 kobold brigands
  10 bullfrogs
  2 scorpions
  8 necrophages
  4 earth elementals
  A water moccasin skeleton (Crypt:2)
  16 wights
  Dowan (D:6)
  4 killer bees (D:9)
  A yak zombie (Crypt:1)
  A howler monkey (D:6)
  4 electric eels
  3 hounds
  A quasit (Abyss:3)
  2 jellies
  13 orc priests
  2 gnoll boudas (D:8)
  2 starcursed masses (Abyss:3)
  Jessica (D:2)
  19 orc wizards
  5 iguanas
  An ogre skeleton (Crypt:2)
  A hound skeleton (Crypt:1)
  11 mummies
  9 adders
  11 gnolls
  A white imp (D:8)
  3 ufetubi
  A worm (D:2)
  4 dart slugs
  82 orcs
  7 bats
  8 endoplasms
  11 giant cockroaches
  16 goblins
  9 hobgoblins
  4 jackals (D:3)
  15 quokkas
  10 ball pythons
  A ball python skeleton (Crypt:1)
  13 frilled lizards
  13 kobolds
  5 rats
  A river rat skeleton (Crypt:2)
  A starspawn tentacle (Abyss:3)
2433 creatures vanquished.

Vanquished Creatures (collateral kills)
  A deep elf sorcerer (Elf:3)
  An emperor scorpion (Spider:4)
  A thrashing horror (Abyss:3)
  An orb spider (Spider:4)
  A deep elf archer (Elf:3)
  A deep elf pyromancer (Elf:1)
  A deep elf zephyrmancer (Elf:1)
  3 orc knights (Orc:2)
  An orc sorcerer (Orc:2)
  A dire elephant zombie (Tomb:2)
  An orange demon (Abyss:3)
  A torpor snail (Spider:4)
  A large abomination (Abyss:3)
  An ancient zyme (Abyss:3)
  A troll (Orc:2)
  A meliai (Spider:4)
  2 culicivoras (Spider:4)
  3 jumping spiders (Spider:4)
  A flying skull (Tomb:2)
  A spriggan (Depths:4)
  3 redbacks (Spider:4)
  6 orc warriors (Orc:2)
  An ogre (Orc:2)
  A wight (Abyss:3)
  3 orc priests (Orc:2)
  4 orc wizards (Orc:2)
  An orc (Orc:2)
44 creatures vanquished.

Vanquished Creatures (others)
  A thorn hunter (Swamp:4)
  A tengu warrior (Depths:3)
  5 bloated husks (Swamp:2)
  22 foxfires
  A lurking horror (Abyss:3)
  3 starspawn tentacles (Abyss:3)
33 creatures vanquished.

Grand Total: 2510 creatures vanquished

Notes
Turn   | Place    | Note
-------+----------+-------------------------------------------
     0 | D:1      | PotatoSalad1221 the Draconian Shapeshifter began the quest
                  | for the Orb.
     0 | D:1      | Reached XP level 1. HP: 16/16 MP: 1/1
   186 | D:1      | Reached XP level 2. HP: 23/23 MP: 2/2
   666 | D:1      | Reached XP level 3. HP: 28/29 MP: 3/3
  1009 | D:2      | You fall into a shaft and drop 2 floors!
  1023 | D:4      | Noticed Sigmund
  1050 | D:3      | Reached skill level 4 in Unarmed Combat
  1051 | D:3      | Found a faded altar of an unknown god.
  1185 | D:3      | Found Miffizxi's Weapon Boutique.
  1319 | D:3      | Found a glowing drain.
  1323 | Sewer    | Entered a sewer
  1426 | Sewer    | Reached XP level 4. HP: 5/36 MP: 4/4
  1651 | Sewer    | Noticed a bullfrog
  1660 | Sewer    | Killed a bullfrog
  1660 | Sewer    | Noticed a bullfrog
  1661 | Sewer    | Reached skill level 5 in Unarmed Combat
  1661 | Sewer    | Reached XP level 5. HP: 41/41 MP: 5/5
  1677 | Sewer    | Reached skill level 6 in Unarmed Combat
  1824 | Sewer    | Identified the +0 chain mail of the Quahog {rF- rCorr Str+3
                  | Int+2}
  2125 | D:3      | Identified the +3 quarterstaff of Deilley {flame, rN+}
  2277 | D:3      | Found a faded altar of an unknown god.
  2281 | D:3      | Found a glowing golden altar of the Shining One.
  2288 | D:3      | Prayed at the altar of an unknown god.
  2288 | D:3      | Became a worshipper of the Shining One
  2288 | D:3      | Reached * piety under the Shining One
  2360 | D:4      | Killed Sigmund
  2361 | D:4      | Reached XP level 6. HP: 43/48 MP: 5/7
  2434 | D:2      | Found an ancient bone altar of Kikubaaqudgha.
  2587 | D:2      | Found Poaxte's Distillery.
  2607 | D:2      | Noticed Jessica
  2611 | D:2      | Killed Jessica
  3393 | D:4      | Reached skill level 7 in Unarmed Combat
  3415 | D:4      | Noticed Blork the orc
  3446 | D:4      | Killed Blork the orc
  3447 | D:4      | Your scales start taking on a dull iron-grey colour.
  3447 | D:4      | Reached XP level 7. HP: 19/55 MP: 9/9
  3679 | D:4      | Found Jaemaok's Self-Published Books.
  3775 | D:4      | Found a staircase to the Ecumenical Temple.
  3844 | Temple   | Entered the Ecumenical Temple
  3927 | D:4      | Found a burning altar of Makhleb.
  4048 | D:5      | Entered Level 5 of the Dungeon
  4048 | D:5      | Noticed Pikel
  4230 | D:5      | Found Xasuim's Magic Scroll Boutique.
  4678 | D:5      | Killed Pikel
  4679 | D:5      | Reached skill level 8 in Unarmed Combat
  4679 | D:5      | Reached XP level 8. HP: 43/61 MP: 7/12
  4911 | D:6      | Noticed Duvessa
  4912 | D:6      | Noticed Dowan
  4923 | D:6      | Noticed Eustachio
  4931 | D:6      | Killed Duvessa
  4946 | D:6      | Killed Dowan
  4947 | D:6      | Reached skill level 9 in Unarmed Combat
  4956 | D:6      | Killed Eustachio
  5183 | D:6      | Found an opulent altar of Gozag.
  5344 | D:6      | Reached XP level 9. HP: 38/67 MP: 14/14
  5504 | D:6      | Found a stormy altar of Qazlal.
  5505 | D:6      | Reached ** piety under the Shining One
  5508 | D:6      | Reached skill level 10 in Unarmed Combat
  5562 | D:6      | Found Wapt's Gadget Gallery.
  5668 | D:6      | Found a glowing silver altar of Zin.
  5711 | D:6      | Found a sparkling altar of Nemelex Xobeh.
  6517 | D:7      | Found a shadowy altar of Dithmenos.
  6985 | D:7      | Reached skill level 11 in Unarmed Combat
  7303 | D:7      | Found a blossoming altar of Fedhas.
  7431 | D:7      | Reached skill level 10 in Invocations
  7444 | D:7      | Reached XP level 10. HP: 71/73 MP: 17/17
  7920 | D:8      | Found a flagged portal.
  7936 | Bailey   | Entered a bailey
  8604 | Bailey   | Found an iron altar of Okawaru.
  8605 | Bailey   | Identified the +7 broad axe of Litoc {freeze, rPois Int-5
                  | Dex+3}
  8606 | Bailey   | Noticed an orc knight
  8609 | Bailey   | Noticed an orc high priest
  8609 | Bailey   | Noticed a rust devil
  8627 | Bailey   | Noticed a smoke demon
  8627 | Bailey   | Noticed a sun demon
  8668 | D:8      | Acquired 389 gold pieces
  8791 | D:8      | Reached skill level 12 in Unarmed Combat
  8811 | D:8      | Reached *** piety under the Shining One
  8997 | D:8      | Found a staircase to the Lair.
  9071 | D:8      | Identified the +0 ring mail of Free Expression {Harm
                  | Will++}
  9214 | D:8      | Reached skill level 5 in Shapeshifting
  9584 | D:9      | Noticed a two-headed ogre
  9589 | D:9      | Killed a two-headed ogre
  9590 | D:9      | Reached XP level 11. HP: 79/79 MP: 20/20
 10104 | D:9      | Noticed Erolcha
 10113 | D:9      | Killed Erolcha
 10316 | D:9      | Noticed a two-headed ogre
 10322 | D:9      | Killed a two-headed ogre
 10434 | D:9      | Found a snail-covered altar of Cheibriados.
 10434 | D:9      | Found Cheibriados's Comfort Zone.
 10595 | D:9      | Found Mikaod's Antique Weapon Shoppe.
 10607 | D:9      | Noticed Joseph
 10616 | D:9      | Killed Joseph
 10763 | D:10     | Entered Level 10 of the Dungeon
 10899 | D:10     | Found a staircase to the Orcish Mines.
 10909 | D:10     | Found an ornate altar of the Wu Jian Council.
 11012 | D:10     | Found a radiant altar of Vehumet.
 11269 | D:10     | Noticed Urug
 11284 | D:10     | Killed Urug
 11881 | D:11     | Noticed a two-headed ogre
 11888 | D:11     | Killed a two-headed ogre
 11981 | D:11     | Noticed a boulder beetle
 12002 | D:11     | Killed a boulder beetle
 12288 | D:11     | Learned a level 2 spell: Wereblood
 12398 | D:11     | Noticed a skeletal warrior
 12398 | D:11     | Noticed a skeletal warrior
 12398 | D:11     | Noticed a skeletal warrior
 12398 | D:11     | Noticed a skeletal warrior
 12398 | D:11     | Noticed a skeletal warrior
 12401 | D:11     | Killed a skeletal warrior
 12402 | D:11     | Reached skill level 15 in Invocations
 12402 | D:11     | Killed a skeletal warrior
 12403 | D:11     | Reached XP level 12. HP: 32/85 MP: 13/23
 13711 | D:13     | Noticed a two-headed ogre
 13718 | D:13     | Killed a two-headed ogre
 13783 | D:13     | Reached **** piety under the Shining One
 13974 | D:13     | Found a gate leading to a gauntlet.
 13981 | Gauntlet | Entered a Gauntlet
 13981 | Gauntlet | Found a transporter.
 14002 | Gauntlet | Found a transporter.
 14007 | Gauntlet | Found a transporter.
 14009 | Gauntlet | Found a large runed translucent door.
 14009 | Gauntlet | Found a large runed translucent door.
 14010 | Gauntlet | Found a large runed translucent door.
 14010 | Gauntlet | Found a large runed translucent door.
 14011 | Gauntlet | Found a large runed translucent door.
 14011 | Gauntlet | Found a large runed translucent door.
 14011 | Gauntlet | Found a runed translucent door.
 14011 | Gauntlet | Found a runed translucent door.
 14011 | Gauntlet | Found a large runed translucent door.
 14012 | Gauntlet | Found a transporter.
 14034 | Gauntlet | Found a transporter.
 14043 | Gauntlet | Found a large runed translucent door.
 14044 | Gauntlet | Found a large runed translucent door.
 14045 | Gauntlet | Found a large runed translucent door.
 14045 | Gauntlet | Found a large runed translucent door.
 14046 | Gauntlet | Found a runed translucent gate.
 14047 | Gauntlet | Found a transporter.
 14047 | Gauntlet | Found a runed translucent gate.
 14047 | Gauntlet | Noticed an eight-headed hydra
 14048 | Gauntlet | Found a runed translucent gate.
 14049 | Gauntlet | Found a large runed translucent door.
 14049 | Gauntlet | Found a large runed translucent door.
 14050 | Gauntlet | Found a large runed translucent door.
 14051 | Gauntlet | Found a large runed translucent door.
 14059 | Gauntlet | Found a transporter.
 14061 | Gauntlet | Noticed a catoblepas
 14071 | Gauntlet | Found a transporter.
 14083 | Gauntlet | Found a transporter.
 14094 | Gauntlet | Noticed a cacodemon
 14095 | Gauntlet | Found a transporter.
 14113 | Gauntlet | Found a transporter.
 14126 | Gauntlet | Noticed an entropy weaver
 14130 | Gauntlet | Found a transporter.
 14132 | Gauntlet | Found a transporter.
 14163 | Gauntlet | Found a transporter.
 14181 | Gauntlet | Found a transporter.
 14183 | Gauntlet | Found a transporter.
 14257 | Gauntlet | Found a large runed translucent door.
 14261 | Gauntlet | Found a transporter.
 14281 | Gauntlet | Found a transporter.
 14501 | Gauntlet | Gained mutation: You have hidden genetic defects. [a
                  | shining eye]
 14544 | Gauntlet | Paralysed by a floating eye for 2 turns
 14548 | Gauntlet | Reached skill level 10 in Shapeshifting
 14811 | Gauntlet | Identified the ring "Caxt" {EV+5 Str+4}
 14856 | Gauntlet | Noticed a minotaur
 14871 | Gauntlet | Killed a minotaur
 15014 | D:13     | Noticed a centaur warrior
 15021 | D:13     | Killed a centaur warrior
 15084 | D:13     | Reached skill level 13 in Unarmed Combat
 15086 | D:13     | Gained mutation: Your spells are a little easier to cast,
                  | but a little less powerful. [hidden defects]
 15090 | D:13     | Lost mutation: You have hidden genetic defects. [potion of
                  | mutation]
 15090 | D:13     | Lost mutation: Your spells are a little easier to cast, but
                  | a little less powerful. [potion of mutation]
 15090 | D:13     | Gained mutation: You have a beak for a mouth. [potion of
                  | mutation]
 15090 | D:13     | Gained mutation: You do not regenerate when monsters are
                  | visible. [potion of mutation]
 15367 | D:13     | Noticed a centaur warrior
 15370 | D:13     | Noticed a tengu warrior
 15374 | D:13     | Killed a centaur warrior
 15375 | D:13     | Reached XP level 13. HP: 85/91 MP: 25/25
 15533 | D:13     | Identified the +8 rapier of Qapnoedo {venom, +Blink rElec
                  | Will- Int+4}
 15774 | D:14     | Found an opulent altar of Gozag.
 15808 | D:14     | Reached skill level 14 in Unarmed Combat
 16191 | Lair:1   | Entered Level 1 of the Lair of Beasts
 16682 | Lair:1   | Reached skill level 15 in Unarmed Combat
 17737 | D:4      | Bought Mergh's Codex of the Greater Akashic Record for 1118
                  | gold pieces
 17744 | D:4      | Learned a level 2 spell: Lesser Beckoning
 18049 | Lair:2   | Found a hole to the Spider Nest.
 18055 | Lair:2   | Reached skill level 1 in Translocations
 18092 | Lair:2   | Reached skill level 1 in Spellcasting
 18182 | Lair:2   | Reached skill level 1 in Transmutations
 18995 | Lair:3   | You fall into a shaft and drop 1 floor!
 19024 | Lair:4   | Reached skill level 16 in Unarmed Combat
 19026 | Lair:4   | Reached XP level 14. HP: 78/99 MP: 13/26
 19071 | Lair:3   | Found a frozen archway.
 19081 | IceCv    | Entered an ice cave
 19286 | IceCv    | Noticed a frost giant
 19322 | IceCv    | Killed a frost giant
 19948 | Lair:3   | Reached skill level 5 in Translocations
 20126 | Lair:3   | Found a staircase to the Swamp.
 20380 | Lair:4   | Reached skill level 5 in Transmutations
 20723 | Lair:4   | Reached skill level 5 in Spellcasting
 21212 | Lair:5   | Entered Level 5 of the Lair of Beasts
 21248 | Lair:5   | Reached ***** piety under the Shining One
 21618 | Lair:5   | Reached skill level 17 in Unarmed Combat
 21776 | Lair:5   | Reached XP level 15. HP: 104/104 MP: 27/27
 22379 | Lair:5   | Found a runed translucent door.
 22493 | Lair:5   | Reached skill level 18 in Unarmed Combat
 22923 | Lair:5   | Found a staircase to the Slime Pits.
 23328 | Orc:1    | Entered Level 1 of the Orcish Mines
 23374 | Orc:2    | Entered Level 2 of the Orcish Mines
 23962 | Orc:2    | Paralysed by an orc sorcerer for 5 turns
 23968 | Orc:2    | Reached skill level 19 in Unarmed Combat
 23988 | Orc:2    | Found Xesanip's Jewellery Boutique.
 23996 | Orc:2    | Found Raotan's Antique Weapon Boutique.
 24003 | Orc:2    | Found Sagaesonn's Antique Armour Boutique.
 24191 | Orc:2    | Found Lasywkaogg's General Store.
 24199 | Orc:2    | Bought a scroll of identify for 30 gold pieces
 24199 | Orc:2    | Bought a potion of curing for 45 gold pieces
 24232 | Orc:2    | Bought a pair of glowing gloves for 255 gold pieces
 24249 | Orc:2    | Bought a blade talisman for 560 gold pieces
 24297 | Orc:2    | Found a staircase to the Elven Halls.
 24639 | Elf:1    | Entered Level 1 of the Elven Halls
 25157 | Elf:1    | Found Emminu's Jewellery Emporium.
 25356 | Elf:1    | Reached XP level 16. HP: 105/111 MP: 26/28
 25369 | Abyss:2  | Cast into level 2 of the Abyss (a deep elf demonologist)
 25376 | Abyss:2  | Found a corrupted altar of Lugonu.
 25381 | Elf:1    | Escaped the Abyss
 25464 | Elf:1    | Got a conspicuous book
 25662 | Elf:1    | Found Awao's Weapon Shop.
 26476 | Elf:1    | Found Piridin's Magic Scroll Boutique.
 26484 | Elf:1    | Bought a scroll of acquirement for 676 gold pieces
 26485 | Elf:1    | Acquired 832 gold pieces
 26731 | Swamp:1  | Entered Level 1 of the Swamp
 26731 | Swamp:1  | Noticed Louise
 26783 | Spider:1 | Entered Level 1 of the Spider Nest
 27539 | Spider:1 | Identified the +2 helmet of Eternal Vigilance {rF- rC+
                  | Dex+3}
 29168 | Spider:1 | Reached skill level 20 in Unarmed Combat
 29900 | Spider:2 | Reached skill level 10 in Transmutations
 30077 | Spider:2 | Reached skill level 10 in Translocations
 30083 | Spider:2 | Reached XP level 17. HP: 103/116 MP: 23/29
 30347 | Spider:2 | Noticed Roxanne
 30393 | Spider:2 | HP: 2/116 [Roxanne/bolt of magma (28)]
 31162 | Spider:2 | Killed Roxanne
 31396 | Spider:3 | Reached skill level 21 in Unarmed Combat
 32317 | D:14     | Acquired 740 gold pieces
 32396 | D:14     | Found a gate to the Vaults.
 33037 | D:14     | Found Hacut's Weapon Emporium.
 33189 | D:15     | Entered Level 15 of the Dungeon
 33196 | D:15     | Noticed Azrael
 33196 | D:15     | Reached ****** piety under the Shining One
 33209 | D:15     | Killed Azrael
 33412 | D:15     | Found a staircase to the Depths.
 34153 | Depths:1 | Entered Level 1 of the Depths
 34517 | Slime:1  | Entered Level 1 of the Pits of Slime
 34818 | Slime:2  | Noticed an acid blob
 34819 | Slime:2  | Noticed an acid blob
 34837 | Slime:1  | HP: 3/116 [acid blob/splash of acid (6)]
 35588 | Elf:2    | Identified the +6 spear of Resourcefulness {heavy, Fragile
                  | Str+2 Dex+7 Stlth+}
 35810 | Elf:2    | Reached XP level 18. HP: 123/123 MP: 30/30
 35814 | Elf:2    | Found a runed translucent gate.
 35814 | Elf:2    | Found a runed translucent gate.
 35814 | Elf:2    | Found a runed translucent gate.
 35998 | Elf:2    | Found a radiant altar of Vehumet.
 36009 | Elf:3    | Entered Level 3 of the Elven Halls
 36013 | Elf:3    | Paralysed by an air elemental for 1 turns
 36102 | Elf:3    | Paralysed by an air elemental for 1 turns
 36140 | Elf:3    | Identified the staff of the Sky {+Blink rN+ rCorr Necro}
 36259 | Elf:3    | HP: 4/123 [deep elf knight/shard of ice (22)]
 36270 | Elf:3    | Paralysed by an air elemental for 1 turns
 36716 | Elf:1    | Bought the amulet "Dekurer" {Reflect Drain +Inv rElec
                  | Slay+6 SH+5} for 1059 gold pieces
 37179 | Spider:3 | Reached skill level 15 in Shapeshifting
 38011 | Spider:4 | Entered Level 4 of the Spider Nest
 38446 | Spider:4 | Noticed Arachne
 38711 | Spider:4 | Killed Arachne
 39573 | Spider:4 | Identified the +1 pair of boots of Xeroh {rF+ Dex+2}
 39577 | Spider:4 | Got a gossamer rune of Zot
 40245 | Abyss:3  | Cast into level 3 of the Abyss (Louise)
 40312 | Abyss:3  | Gained mutation: You occasionally lose the ability to read
                  | scrolls when taking damage. [a neqoxec]
 40360 | Abyss:3  | Found a corrupted altar of Lugonu.
 40375 | Abyss:3  | Found a corrupted altar of Lugonu.
 40455 | Abyss:3  | Found a corrupted altar of Lugonu.
 40468 | Abyss:3  | Reached XP level 19. HP: 109/128 MP: 10/31
 40479 | Swamp:1  | Escaped the Abyss
 40485 | Swamp:1  | Killed Louise
 40506 | Lair:3   | Lost mutation: You occasionally lose the ability to read
                  | scrolls when taking damage. [potion of mutation]
 40506 | Lair:3   | Lost mutation: You do not regenerate when monsters are
                  | visible. [potion of mutation]
 40506 | Lair:3   | Lost mutation: You have a beak for a mouth. [potion of
                  | mutation]
 40506 | Lair:3   | Gained mutation: You are strong-willed. (Will+) [potion of
                  | mutation]
 40506 | Lair:3   | Gained mutation: Your spells are a little easier to cast,
                  | but a little less powerful. [potion of mutation]
 40506 | Lair:3   | Gained mutation: Your muscles are strong. (Str +4, Int/Dex
                  | -1) [potion of mutation]
 40506 | Lair:3   | Gained mutation: You have a pair of small horns on your
                  | head. [potion of mutation]
 41095 | Swamp:2  | Noticed Donald
 41104 | Swamp:1  | Killed Donald
 41284 | Swamp:2  | Found a runed translucent gate.
 41285 | Swamp:2  | Found a runed translucent gate.
 41288 | Swamp:2  | Found a runed translucent gate.
 41288 | Swamp:2  | Noticed Nr616's ghost (journeyman MiGl)
 41387 | Swamp:2  | Noticed Kirke
 41393 | Swamp:2  | Killed Kirke
 41949 | Swamp:2  | Killed Nr616's ghost
 42480 | Swamp:3  | Found a runed translucent gate.
 42480 | Swamp:3  | Found a runed translucent gate.
 42480 | Swamp:3  | Found a runed translucent gate.
 42480 | Swamp:3  | Found the +13 scythe of Curses {drain, curses, Drain}
 42481 | Swamp:3  | Noticed Daxtuur's ghost (adept GrGl)
 42488 | Swamp:3  | Killed Daxtuur's ghost
 42579 | Swamp:4  | Entered Level 4 of the Swamp
 43287 | Swamp:4  | Noticed the 27-headed Lernaean hydra
 43298 | Swamp:4  | Killed the 27-headed Lernaean hydra
 43386 | Swamp:4  | Got a decaying rune of Zot
 43602 | Swamp:4  | Learned a level 4 spell: Manifold Assault
 43606 | Swamp:4  | Learned a level 3 spell: Teleport Other
 43609 | Swamp:4  | Learned a level 2 spell: Blink
 43941 | Depths:1 | Found a one-way gate to the infinite horrors of the Abyss.
 43975 | Depths:1 | Found Ynirikk's Book Shoppe.
 43978 | Depths:1 | Found Wiofaos's Jewellery Shop.
 43979 | Depths:1 | Found Anyis Hecs's Book Shoppe.
 44158 | Depths:1 | Found a broken altar of Ashenzari.
 44186 | Depths:1 | Reached XP level 20. HP: 135/135 MP: 30/32
 44284 | Depths:1 | Found Big Baal Hell's Store.
 44290 | Depths:1 | Found a gateway to Hell.
 44717 | Depths:1 | Learned a level 3 spell: Confusing Touch
 44721 | Depths:1 | Learned a level 3 spell: Tukima's Dance
 44905 | Depths:2 | Reached skill level 1 in Hexes
 44907 | Depths:2 | Paralysed by a vampire knight for 2 turns
 45219 | Depths:2 | Learned a level 2 spell: Ensorcelled Hibernation
 45359 | Depths:2 | Reached skill level 1 in Ice Magic
 45405 | Depths:2 | Found Ceylebyr's Weapon Emporium.
 45864 | Depths:2 | Found a one-way gate leading to the halls of Pandemonium.
 46083 | Depths:2 | Found a shimmering blue altar of Sif Muna.
 46111 | Depths:2 | Identified the +7 sling "Guonwask" {speed, rF+}
 46150 | Depths:2 | Identified the amulet of the Coward {RegenMP rF+}
 46173 | Depths:2 | Got a torn book
 46344 | Depths:2 | Found an ancient bone altar of Kikubaaqudgha.
 46469 | Depths:2 | You fall into a shaft and drop 2 floors!
 46469 | Depths:4 | Entered Level 4 of the Depths
 46786 | Depths:3 | Reached skill level 5 in Hexes
 46900 | Depths:3 | Reached skill level 5 in Ice Magic
 46986 | Depths:3 | Noticed a juggernaut
 46987 | Depths:3 | Found the +10 morningstar "Eos" {elec, Halo rElec}
 46996 | Depths:3 | Killed a juggernaut
 46998 | Depths:3 | Found the +7 Throatcutter {drain, coup de grace}
 47002 | Depths:3 | Identified the +4 great mace of Doomed Defiance {holy,
                  | rPois rF- rN+ Str+5}
 47202 | Depths:3 | Found a corrupted altar of Lugonu.
 47209 | Depths:3 | Noticed a doom hound
 47211 | Depths:3 | Noticed Grunn
 47215 | Depths:3 | Noticed a doom hound
 47219 | Depths:3 | Noticed a doom hound
 47224 | Depths:3 | Killed a doom hound
 47228 | Depths:3 | Killed a doom hound
 47234 | Depths:3 | Killed Grunn
 47236 | Depths:3 | Killed a doom hound
 47237 | Depths:3 | Reached XP level 21. HP: 88/141 MP: 23/33
 47689 | Depths:3 | Learned a level 5 spell: Yara's Violent Unravelling
 47699 | Depths:3 | Learned a level 3 spell: Dazzling Flash
 47934 | Depths:3 | Found a stormy altar of Qazlal.
 48600 | Depths:2 | Identified the amulet of Enlateal {Reflect +Blink Str+2
                  | Dex-3 SH+5}
 49058 | Elf:1    | Bought a storm talisman for 1705 gold pieces
 49477 | Depths:4 | Paralysed by a floating eye for 2 turns
 49488 | Depths:4 | Noticed a juggernaut
 49496 | Depths:4 | Killed a juggernaut
 49533 | Depths:4 | Noticed a caustic shrike
 49536 | Depths:4 | Noticed a caustic shrike
 49545 | Depths:4 | Killed a caustic shrike
 49546 | Depths:4 | Reached skill level 10 in Hexes
 49546 | Depths:4 | Killed a caustic shrike
 49546 | Depths:4 | HP: 6/183 [yellow draconian/glob of acid (6)]
 49877 | Depths:4 | Found Wekloni's Assorted Antiques.
 50194 | Depths:4 | Gained mutation: You sometimes lose your temper in combat.
                  | [a shining eye]
 50199 | Depths:4 | Paralysed by a floating eye for 4 turns
 50204 | Depths:4 | Found a one-way gateway to a ziggurat.
 50204 | Depths:4 | Gained mutation: You have an uncontrollable temper. [a
                  | shining eye]
 50208 | Depths:4 | Lost mutation: Your muscles are strong. (Str +4, Int/Dex
                  | -1) [potion of mutation]
 50208 | Depths:4 | Lost mutation: You have a pair of small horns on your head.
                  | [potion of mutation]
 50208 | Depths:4 | Lost mutation: You are strong-willed. (Will+) [potion of
                  | mutation]
 50208 | Depths:4 | Gained mutation: You have sharp fingernails. [potion of
                  | mutation]
 50208 | Depths:4 | Lost mutation: Your spells are a little easier to cast, but
                  | a little less powerful. [potion of mutation]
 50208 | Depths:4 | Gained mutation: You occasionally lose the ability to drink
                  | potions when taking damage. [potion of mutation]
 50209 | Depths:4 | Lost mutation: You have sharp fingernails. [potion of
                  | mutation]
 50209 | Depths:4 | Lost mutation: You occasionally lose the ability to drink
                  | potions when taking damage. [potion of mutation]
 50209 | Depths:4 | Lost mutation: You have an uncontrollable temper. [potion
                  | of mutation]
 50280 | Depths:4 | Noticed a caustic shrike
 50289 | Depths:4 | Killed a caustic shrike
 50523 | Depths:4 | Found a gate to the Realm of Zot.
 52298 | Slime:4  | Reached skill level 5 in Fighting
 52298 | Slime:4  | Reached XP level 22. HP: 153/158 MP: 34/34
 52464 | Slime:5  | Entered Level 5 of the Pits of Slime
 53235 | Slime:5  | Noticed the Royal Jelly
 53243 | Slime:5  | Killed the Royal Jelly
 53244 | Slime:5  | Reached skill level 5 in Dodging
 54672 | Slime:5  | Got a slimy rune of Zot
 54683 | Slime:5  | Identified the +1 war axe "Haizeudeff" {speed, rC+}
 54694 | Slime:5  | Identified the ring "Jeruvig" {rPois rF+ MP-9 EV+5 Int+2}
 54828 | Slime:5  | Gained mutation: You are frail. (-10% HP) [a shining eye]
 56839 | Elf:3    | Identified the +1 leather armour of the Louse {*Slow rPois
                  | Will+ Dex+6}
 56890 | Elf:3    | Found Faucro Roce's Antique Weapon Boutique.
 57135 | Elf:3    | Identified the +2 mace of Tumult {drain, Dex+5}
 57148 | Elf:3    | Found a runed translucent door.
 57148 | Elf:3    | Noticed paps's ghost (adept DsGl)
 57161 | Elf:3    | Killed paps's ghost
 57189 | Elf:3    | Reached skill level 10 in Fighting
 57228 | Elf:3    | Identified the +9 dagger of Puqul {freeze, Will+ Int+8}
 57262 | Elf:3    | Identified the +7 scimitar of Gallantry {pain, Int+3}
 57453 | Elf:3    | Identified the staff "Xijob" {rN+ Conj Hexes}
 57515 | Elf:3    | Found the +2 cloak of the Thief {*Fog Slay-2 SInv Stlth+}
 57525 | Elf:3    | Got a gaudy book
 57526 | Elf:3    | Identified the +0 ice dragon scales "Meodgh" {rElec rPois
                  | rF- rC++ Will- Str+5}
 58076 | Vaults:1 | Entered Level 1 of the Vaults
 58583 | Vaults:1 | Found the +0 mask of the Dragon {Will+ Slay+3 SInv}
 58723 | Vaults:1 | Reached skill level 10 in Dodging
 58723 | Vaults:1 | Reached XP level 23. HP: 149/169 MP: 35/35
 59747 | Vaults:2 | You are sucked into a shaft and drop 1 floor!
 60031 | Vaults:3 | Identified the +7 trident "Jatz" {pain, Fragile rN++ Int+2}
 60425 | Vaults:3 | Acquired 1206 gold pieces
 60731 | Vaults:3 | Found a staircase to the Crypt.
 62077 | Vaults:2 | Found Jiaffoe's Jewellery Shop.
 62779 | Vaults:4 | Reached skill level 15 in Fighting
 63559 | Vaults:4 | Reached XP level 24. HP: 162/186 MP: 35/35
 64265 | Vaults:5 | Entered Level 5 of the Vaults
 64786 | Vaults:5 | Noticed Mennas
 64796 | Vaults:5 | Killed Mennas
 65375 | Vaults:5 | Identified the +3 short sword "Doimick" {flame, rF+ rCorr
                  | Int+2 SInv}
 65377 | Vaults:5 | Identified the +4 dagger of the Stopping Salmon {heavy,
                  | Stlth+}
 65410 | Vaults:5 | Identified the ring "Lextunwygyu" {Wiz rElec Int+3}
 65416 | Vaults:5 | Reached skill level 22 in Unarmed Combat
 66176 | Vaults:5 | Identified the +0 plate armour of Vagaz {Int+3 SInv}
 66187 | Vaults:5 | Identified the +7 war axe of Extinguishment {antimagic,
                  | rC+}
 66188 | Vaults:5 | Identified the +2 robe "Xyaddeeq" {Will+ Int+3 Stlth-}
 66201 | Vaults:5 | Identified the +7 scimitar of the Hierophant {venom, Int+5}
 66280 | Vaults:5 | Reached skill level 23 in Unarmed Combat
 66393 | Vaults:5 | Got a conspicuous book
 66407 | Vaults:5 | Got a silver rune of Zot
 66410 | Vaults:5 | Identified the +8 arbalest of the Conjuring Mosquito
                  | {flame, Fragile rPois Dex+3}
 66411 | Vaults:5 | Identified the +1 ring mail of the Pure Songs {Will+ rCorr
                  | Str+4 Int-2}
 66659 | Vaults:5 | Got a black book
 66665 | Vaults:5 | Identified the +0 pair of gloves "Xapepiro" {Int+3}
 66685 | Vaults:5 | Identified the +3 dagger of the Moon {pain, rN+ Will- Int+9
                  | Dex-5}
 66686 | Vaults:5 | Identified the +7 halberd of Irrepressible Laughter
                  | {freeze, *Slow rPois rN+}
 66908 | Vaults:5 | Got a quavering book
 66916 | Vaults:5 | Identified the +4 mace "Draconian's Doom" {heavy, Will+
                  | Dex+2}
 67341 | Depths:1 | Bought the ring "Pere" {Will+ Int+2} for 2389 gold pieces
 67556 | Crypt:1  | Entered Level 1 of the Crypt
 68143 | Crypt:1  | Identified the +1 rapier "Corphe" {vamp, rCorr Str+3
                  | Stlth+}
 68637 | Crypt:2  | Reached XP level 25. HP: 188/200 MP: 35/35
 68871 | Crypt:2  | Identified the ring "Upyegyre" {rPois rC+ Slay+4}
 69285 | Crypt:3  | Entered Level 3 of the Crypt
 69552 | Crypt:3  | Found an ancient bone altar of Kikubaaqudgha.
 69579 | Crypt:3  | Reached skill level 24 in Unarmed Combat
 69586 | Crypt:3  | Identified the +1 robe of Immorality {Will+}
 70291 | Crypt:3  | Gained mutation: You occasionally shout uncontrollably at
                  | your foes. [a neqoxec]
 70293 | Crypt:3  | Gained mutation: You are weak. (Str -2) [a neqoxec]
 70446 | Crypt:3  | Lost mutation: You are weak. (Str -2) [potion of mutation]
 70446 | Crypt:3  | Lost mutation: You occasionally shout uncontrollably at
                  | your foes. [potion of mutation]
 70446 | Crypt:3  | Lost mutation: You are frail. (-10% HP) [potion of
                  | mutation]
 70446 | Crypt:3  | Gained mutation: You are robust. (+10% HP) [potion of
                  | mutation]
 70446 | Crypt:3  | Gained mutation: You are vulnerable to heat. (rF-) [potion
                  | of mutation]
 70553 | Crypt:3  | Found a staircase to the Tomb.
 70553 | Crypt:3  | Noticed Khufu
 70563 | Crypt:3  | Killed Khufu
 71162 | Tomb:1   | Entered Level 1 of the Tomb of the Ancients
 71588 | Tomb:1   | Noticed a royal mummy
 71612 | Tomb:1   | Killed a royal mummy
 72142 | Tomb:1   | Noticed a royal mummy
 72146 | Tomb:1   | Killed a royal mummy
 72273 | Tomb:1   | Noticed a royal mummy
 72278 | Tomb:1   | Killed a royal mummy
 72670 | Tomb:2   | Noticed a royal mummy
 72678 | Tomb:2   | Killed a royal mummy
 72679 | Tomb:2   | Noticed a royal mummy
 72683 | Tomb:2   | Noticed a royal mummy
 72684 | Tomb:2   | Noticed a royal mummy
 72693 | Tomb:2   | Killed a royal mummy
 72697 | Tomb:2   | Slain by a titan skeleton

Illustrated notes

Levels and vault maps discovered:
D:1:      lemuel_arrival_hallway, layout_basic, minmay_misc_feat_columns
D:2:      layout_loops_ring, basic_altar, serial_shops, shop, chequers_avenue,
          uniq_jessica
D:3:      layout_rooms, nicolae_overflow_ecumenical_swirl,
          ebering_ecumenical_altar_ruins, gup_sewer_entry_spiral, serial_shops,
          nicolae_shop_bloodbath_and_beyond
D:4:      layout_gridville, lightli_temple_of_fire, minmay_temple_entry_arrows,
          nicolae_custom_books, uniq_sigmund, uniq_blork_the_orc
D:5:      layout_cave_pods, serial_shops, shop, uniq_pikel
D:6:      layout_loops_cross, pdpol_temple_overflow_zin_treasury_gozag_greed,
          nicolae_qazlal_beasts_of_the_sky, nemelex_dance_club_becter,
          nicolae_shop_gadgets, uniq_duvessa, uniq_eustachio
D:7:      layout_basic, nicolae_dithmenos_shadow_blocks, fedhas_altar_4
D:8:      layout_cave_pools, minmay_lair_entry_grove, enter_bailey_3,
          kennysheep_generic_room_13
D:9:      layout_basic, serial_shops, shop, minmay_shop_chei, glass_columns_a,
          uniq_erolcha, uniq_joseph
D:10:     layout_irregular_city, kennysheep_little_box,
          mainiacjoe_overflow_paths, uniq_urug
D:11:     layout_roguey
D:12:     layout_cave_pools, hangedman_decor_riveting
D:13:     layout_basic, gauntlet_entry_generic, minivault_10
D:14:     layout_basic, erik_vaults_2, serial_shops, shop_fountains,
          nicolae_gozag_seed_capital, nrook_mini_vaults
D:15:     hangedman_depths_entry_civil_slaughter, layout_gridville, uniq_azrael
Temple:   nicolae_temple_ecumenical_triangle
Lair:1:   layout_layer_cave, minmay_hedge_maze, minivault_11,
          serial_bayou_shore_a
Lair:2:   layout_long_grid, spider_nest_entry_webs,
          nicolae_quartered_pool_impasse, grunt_megastairs_3
Lair:3:   layout_cave_pods, swamp_mist, portal_ice_cave_entry_pillars_1,
          grunt_megastairs_5, lemuel_fruit_tree
Lair:4:   layout_hall_layers, chequers_serial_rivers_small_b,
          guppyfry_lair_drakes
Lair:5:   wormcave, layout_concentric_octagons,
          hangedman_lair_caniforms_friends, minmay_slime_entry_oklob_enclosed
Swamp:1:  layout_falls_marsh, evilmike_swamp_ruin_house_1, uniq_louise
Swamp:2:  layout_basic_swamp, gammafunk_ghost_split, serial_swamp_ruin,
          evilmike_swamp_ruin_rubble_1, evilmike_swamp_ruin_house_2,
          evilmike_swamp_ruin_house_4, nzn_swamp_blast_mining, uniq_donald,
          uniq_kirke
Swamp:3:  layout_basic_swamp, ebering_ghost_rock_garden,
          evilmike_swamp_ruin_house_3
Swamp:4:  grunt_swamp_rune_castle, layout_basic_swamp
Spider:1: layout_spider_delve
Spider:2: nicolae_spider_hilbert_zone_5 [nicolae_spider_hilbert_3_sides_1_open,
          nicolae_spider_hilbert_4_sides_1_open,
          nicolae_spider_hilbert_4_sides_1_open,
          nicolae_spider_hilbert_6_sides_1_open,
          nicolae_spider_hilbert_6_sides_1_open], uniq_roxanne
Spider:3: layout_spider_delve
Spider:4: grunt_spider_rune_parallel, nicolae_spider_not_touching_you,
          uniq_arachne
Slime:1:  layout_caves
Slime:2:  layout_caves, basic_altar, cheibrodos_slime_lost_civilization_5
Slime:3:  layout_caves
Slime:4:  layout_caves
Slime:5:  slime_pit_nicolae_trefoil
Orc:1:    layout_caves, serial_shops, nicolae_shop_peninsula,
          nicolae_volcano_entry_lava_flow
Orc:2:    grunt_orc_cross, layout_caves, nicolae_orc_tapped_out
Elf:1:    eino_elf_arrival_shootout, layout_gridlike, serial_shops,
          nicolae_shop_peninsula, shop, shop, evilmike_minifort,
          nicolae_elf_stone_circles, minmay_elf_demonology,
          lemuel_upstairs_altar
Elf:2:    elven_hall_of_blades_hangedman_original [nicolae_blade_little_rooms],
          layout_rooms, serial_aquarium, aquarium_bridge_long_joined
          [aquarium_subvault_wall, aquarium_subvault_wall,
          aquarium_subvault_bridge, aquarium_subvault_bridge,
          aquarium_subvault_bridge, aquarium_subvault_bridge],
          aquarium_window_2, aquarium_window_fake, aquarium_window_1,
          aquarium_view_2f, aquarium_view_2d, aquarium_balcony_double_2,
          lemuel_statue_altar, st_stairs_7
Elf:3:    grunt_elf_hall_diamonds, layout_rooms, ebering_ghost_reflecting_pool,
          serial_shops, nicolae_shop_dealshenge
Vaults:1: vaults_mumra_chevron, nicolae_vaults_closet_pinwheel_1,
          hangedman_vaults_slice, nicolae_vaults_tetromino_L_1, v_misc_22,
          ontoclasm_vaults_spin, nicolae_vaults_little_squares_6,
          layout_vaults_chaotic_city
Vaults:2: ontoclasm_vaults_twist, v_misc_14, nicolae_vaults_closet_pinwheel_1,
          v_misc_4, nicolae_vaults_diamond_1, v_misc_23, grunt_vaults_focal,
          layout_vaults_omnigrid, serial_shops, nicolae_shop_gaudy_bauble
Vaults:3: nicolae_vaults_stepped_doors, nicolae_vaults_storage_room_glass,
          nicolae_vaults_network_s, ontoclasm_vaults_loading_screen,
          minmay_crypt_entry_simple_box,
          vaults_standard_mumra_enter_the_diamond, v_alt_pattern_5,
          nicolae_vaults_an_arrangement, vaults_room_fours, v_misc_17,
          nicolae_vaults_mini_display_case, nicolae_vaults_hexular_roomagon,
          layout_vaults_ring
Vaults:4: ontoclasm_vaults_idyll, v_misc_17, grunt_vaults_hallway_long,
          hangedman_vaults_unwind, grunt_vaults_trifunnel,
          nicolae_vaults_double_plus_3, nicolae_vaults_theta,
          hangedman_vaults_locks, nicolae_vaults_yaktaur_gun_rack, v_rooms_3,
          v_misc_2, layout_vaults_maze_bifur
Vaults:5: uniq_mennas
Crypt:1:  layout_gridlike, roderic_lattice_octagonal_star
Crypt:2:  layout_regular_city, minivault_25
Crypt:3:  grunt_crypt_end_deaths_head
Tomb:1
Tomb:2
Depths:1: layout_big_octagon, nicolae_hell_entry_big_baal_hell,
          kennysheep_doodads, nicolae_abyss_entry_one_way_or_another,
          ashenzari_conservatory_becter, grunt_megastairs_1, minmay_shop_grove,
          serial_bayou_shore_b, serial_bayou_shore_b
Depths:2: evilmike_negative_zone, layout_gridlike, grunt_pan_entry_zigzag,
          minmay_misc_feat_encased, serial_shops, shop,
          pf_vacation_house_of_asmodeus, hangedman_summoners_spam,
          minmay_staircase_bubble, serial_bayou_shore_b
Depths:3: giant_chief_lemuel, layout_cave_shapes, abyss_entry_flame_altar,
          pf_coc_iceberg, nicolae_qazlal_scattered_showers,
          serial_bayou_shore_b, uniq_grunn
Depths:4: grunt_twist_and_shout, layout_honeycomb, enter_ziggurat_c,
          minmay_misc_feat_chi, serial_shops, nicolae_shop_overgrown_old_shop,
          grunt_mini_vestibule

Skill      XL: |  1  2  3  4  5  6  7  8  9 10 11 12 13 14 15 16 17 18 19 20 21 22 23 24 25 |
---------------+----------------------------------------------------------------------------+-----
Dodging        | 2 4 10 13 14 | 14.0
Fighting       | 2 5 11 15 17 21 | 21.0
Unarmed Combat | 4 5 6 7 8 9 11 12 13 16 17 19 20 21 23 24 | 24.7
Invocations    | 2 3 6 7 10 12 15 16 | 16.0
Shapeshifting  | 5 7 10 13 17 20 21 23 | 23.7
Translocations | 3 6 7 10 | 10.0
Spellcasting   | 2 5 6 8 |  8.0
Transmutations | 3 6 7 10 | 10.0
Hexes          | 6 10 | 10.0
Ice Magic      | 5 |  5.0

Action                     |  1- 3 |  4- 6 |  7- 9 | 10-12 | 13-15 | 16-18 | 19-21 | 22-24 | 25-27 || total
---------------------------+-------+-------+-------+-------+-------+-------+-------+-------+-------++-------
  Melee: Unarmed           |   146 |   108 |   297 |   624 |  1101 |  1105 |   935 |   954 |   324 ||  5594
         Tailslap          |     7 |     6 |    41 |   130 |   255 |   216 |   179 |       |       ||   834
         Punch             |     1 |     2 |    14 |    56 |   150 |   171 |   148 |   167 |    59 ||   768
         Maw               |       |       |       |    26 |   450 |       |       |       |       ||   476
         Peck              |       |       |       |     4 |   317 |   291 |     5 |       |       ||   617
         Headbutt          |       |       |       |       |       |       |   249 |       |       ||   249
  Throw: Dart              |     6 |    18 |    17 |     3 |       |       |       |       |       ||    44
   Cast: Lesser Beckoning  |       |       |       |       |     1 |     1 |    33 |     2 |       ||    37
         Wereblood         |       |       |       |       |       |    33 |     7 |       |       ||    40
         Manifold Assault  |       |       |       |       |       |       |     1 |       |       ||     1
 Invoke: Divine Shield     |       |       |     7 |    12 |    18 |    32 |    14 |    10 |     3 ||    96
         Cleansing Flame   |       |       |       |     3 |     5 |     9 |    10 |    10 |    11 ||    48
         Summon Divine War |       |       |       |       |     1 |     7 |     1 |     2 |     2 ||    13
Ability: Blinkbolt         |       |       |       |       |       |       |     3 |    36 |     9 ||    48
  Evoke: Wand              |       |     2 |     5 |    12 |       |       |     3 |       |       ||    22
    Use: Potion            |       |     2 |       |     3 |       |    22 |     9 |     5 |     4 ||    45
         Scroll            |       |       |    11 |    10 |    15 |    20 |     4 |     2 |       ||    62
   Stab: Sleeping          |     1 |       |       |       |       |       |       |       |       ||     1
 Armour: Skin              |    88 |    65 |   131 |   312 |   662 |   946 |   917 |   256 |    95 ||  3472
  Dodge: Dodged            |    79 |    47 |    92 |   233 |   649 |   780 |   691 |   796 |   320 ||  3687
  Block: Other             |    34 |    20 |   101 |   181 |   552 |   591 |   406 |   234 |    99 ||  2218
         Reflection        |     2 |     2 |     5 |     7 |    11 |    14 |     5 |    19 |       ||    65
   Form: Maw               |       |       |       |     1 |       |       |       |       |       ||     1
         Blade             |       |       |       |       |     1 |       |       |       |       ||     1
         Statue            |       |       |       |       |       |     2 |       |       |       ||     2
                           |       |       |       |       |       |     1 |       |     1 |       ||     2
         Dragon            |       |       |       |       |       |     1 |       |       |       ||     1
         Storm             |       |       |       |       |       |       |     1 |     1 |       ||     2

Table legend: (Time is in decaauts)
 A = Elapsed time spent in this place.
 B = Non-inter-level travel time spent in this place.
 C = Inter-level travel time spent in this place.
 D = Time resting spent in this place.
 E = Time spent auto-exploring this place.
 F = Levels seen in this place.
 G = Mean time per level.
                   A        B        C        D        E       F      G
               +--------+--------+--------+--------+--------+-----+--------+
         Total |  77647 |  70659 |   6988 |  10334 |  41607 |  59 | 1316.1 |
       Dungeon |  17733 |  14749 |   2984 |    563 |  11072 |  15 | 1182.2 |
        Temple |      1 |      1 |      0 |      0 |      0 |   1 |    1.0 |
          Lair |   7749 |   6688 |   1061 |    831 |   4483 |   5 | 1549.8 |
         Swamp |   4975 |   4804 |    171 |    699 |   2653 |   4 | 1243.8 |
   Spider Nest |   9197 |   8900 |    297 |   1765 |   4615 |   4 | 2299.2 |
    Slime Pits |   4083 |   3977 |    106 |   1300 |   1768 |   5 |  816.6 |
  Orcish Mines |   1732 |   1169 |    563 |    136 |    710 |   2 |  866.0 |
   Elven Halls |   5643 |   5070 |    573 |    518 |   2553 |   3 | 1881.0 |
        Vaults |   9115 |   8762 |    353 |   2531 |   4848 |   5 | 1823.0 |
         Crypt |   3528 |   3417 |    111 |    581 |   2003 |   3 | 1176.0 |
          Tomb |   1548 |   1459 |     89 |      0 |    941 |   2 |  774.0 |
        Depths |   9251 |   8575 |    676 |    870 |   5400 |   4 | 2312.8 |
         Abyss |    331 |    331 |      0 |      0 |     99 |   2 |  165.5 |
         Sewer |    776 |    776 |      0 |     19 |    292 |   1 |  776.0 |
        Bailey |    715 |    715 |      0 |    327 |      0 |   1 |  715.0 |
      Ice Cave |    365 |    365 |      0 |      0 |     10 |   1 |  365.0 |
      Gauntlet |    897 |    897 |      0 |    191 |    157 |   1 |  897.0 |
               +--------+--------+--------+--------+--------+-----+--------+

Top non-repeatable levels by time:
Spider:1: 3228 daAuts
Depths:2: 3112 daAuts
Vaults:4: 2818 daAuts
Spider:4: 2809 daAuts
Depths:3: 2490 daAuts
   Elf:1: 2122 daAuts
  Lair:5: 2105 daAuts
   Elf:2: 2092 daAuts
Spider:2: 1934 daAuts
Depths:1: 1904 daAuts
 Crypt:3: 1835 daAuts
  Lair:3: 1774 daAuts
Depths:4: 1743 daAuts
Vaults:1: 1700 daAuts
Vaults:3: 1685 daAuts
